Map: [ESL] Moondance

Players

DisK - Winner!

  • Race: Protoss Protoss
  • Spawn Location: 6:00

PattyMac

  • Race: Protoss Protoss
  • Spawn Location: 12:00

Event: DreamHack SC2 Masters 2022 Atlanta (Online)

VOD

Have the link to the VOD?

Description

Time

  • Played on: Oct. 6, 2022, 6:05 p.m.
  • Length: 16:24

All games in this series

Show
View Real Time Build Order
Export as new Build Order

DisK Protoss - Winner!

Build Orders: Phoenix Opening, Blink Stalkers 

Get SALT Encoding   

  12  0:00  Probe  
  13  0:12  Probe  
  14  0:16  Pylon  
  14  0:24  Probe  
  15  0:35  Gateway  
  15  0:36  Probe (Chrono Boost)  
  16  0:45  Probe (Chrono Boost)  
  16  0:46  Assimilator  
  17  0:51  Probe (Chrono Boost)  
  17  0:55  Assimilator  
  18  1:03  Probe (Chrono Boost)  
  19  1:08  Gateway  
  19  1:13  Probe (Chrono Boost)  
  20  1:18  Probe (Chrono Boost)  
  20  1:24  Cybernetics Core  
  21  1:29  Probe  
  22  1:34  Pylon  
  22  1:41  Probe  
  23  1:55  Probe  
  23  1:59  Warp Gate (Chrono Boost)  
  23  2:01  Stalker x2  
  26  2:07  Probe  
  29  2:14  Pylon  
  29  2:23  Pylon  
  29  2:41  Sentry  
  29  2:42  Nexus  
  29  2:43  Sentry  
  33  2:47  Probe  
  34  2:55  Shield Battery  
  34  2:59  Probe  
  34  3:05  Twilight Council  
  35  3:15  Stalker  
  35  3:18  Phoenix  
  35  3:19  Shield Battery  
  36  3:21  Probe  
  37  3:27  Pylon  
  37  3:33  Probe  
  38  3:45  Stalker  
  38  3:47  Blink (Chrono Boost)  
  40  3:54  Probe (Chrono Boost)  
  42  3:55  Probe (Chrono Boost)  
  42  4:04  Probe (Chrono Boost)  
  42  4:06  Probe (Chrono Boost)  
  42  4:09  Probe (Chrono Boost)  
  42  4:16  Probe (Chrono Boost)  
  44  4:18  Phoenix  
  44  4:20  Probe (Chrono Boost), Stalker  
  47  4:28  Probe (Chrono Boost)  
  47  4:30  Stalker  
  51  4:32  Probe (Chrono Boost)  
  51  4:35  Probe (Chrono Boost)  
  51  4:37  Probe (Chrono Boost)  
  53  4:39  Pylon  
  53  4:42  Probe  
  54  4:47  Probe  
  54  4:52  Nexus  
  55  4:56  Pylon  
  55  4:58  Probe  
  55  4:59  Probe  
  57  5:01  Sentry  
  59  5:07  Forge  
  59  5:12  Robotics Facility  
  59  5:14  Probe  
  60  5:18  Probe  
  61  5:26  Probe  
  61  5:27  Stalker x2  
  66  5:30  Probe  
  66  5:32  Assimilator  
  66  5:33  Pylon  
  67  5:37  Protoss Ground Weapons Level 1 (Chrono Boost)  
  67  5:42  Probe  
  68  5:49  Probe  
  68  5:55  Probe (Chrono Boost)  
  68  5:57  Gateway  
  69  5:58  Charge  
  69  6:00  Gateway  
  70  6:04  Probe (Chrono Boost)  
  70  6:06  Probe (Chrono Boost)  
  72  6:11  Shield Battery  
  72  6:12  Probe (Chrono Boost)  
  72  6:13  Probe (Chrono Boost)  
  72  6:16  Probe (Chrono Boost), Stalker x2  
  78  6:18  Probe x2 (Chrono Boost)  
  78  6:25  Pylon  
  80  6:26  Probe  
  80  6:30  Gateway, Probe  
  80  6:31  Gateway  
  82  6:39  Probe x2  
  80  6:46  Probe  
  81  6:47  Stalker  
  81  6:48  Stalker  
  85  6:57  Probe x2  
  85  7:00  Assimilator  
  87  7:04  Stalker x2  
  87  7:05  Probe  
  92  7:09  Forge  
  92  7:12  Pylon  
  92  7:13  Nexus, Probe x2  
  94  7:16  Pylon  
  94  7:21  Stalker x2  
  98  7:27  Stalker  
  98  7:28  Pylon  
  100  7:36  Gateway  
  100  7:40  Gateway  
  98  8:01  Stalker x5  
  98  8:02  Probe x3  
  98  8:03  Protoss Ground Armor Level 1 (Chrono Boost)  
  111  8:05  Photon Cannon  
  111  8:06  Protoss Ground Weapons Level 2 (Chrono Boost)  
  111  8:14  Probe x3  
  111  8:16  Templar Archives  
  114  8:25  Probe  
  115  8:31  Nexus  
  115  8:33  Phoenix  
  108  8:44  Probe x3  
  108  8:46  Shield Battery  
  111  8:48  Stalker  
  111  8:49  Stalker x3  
  119  8:56  Gateway  
  119  9:01  Gateway  
  119  9:03  Stalker  
  119  9:04  Stalker x3  
  119  9:05  Probe x2  
  119  9:06  Probe  
  126  9:31  Stalker x8  
  122  9:32  Probe x3  
  122  9:34  Assimilator  
  122  9:35  Assimilator  
  122  9:36  Pylon  
  123  9:41  Gateway  
  123  9:42  Gateway  
  123  9:45  Stargate  
  123  9:47  Assimilator  
  123  9:51  Observer  
  124  9:53  Probe x3  
  124  9:58  Pylon  
  124  9:59  Photon Cannon  
  127  10:00  Photon Cannon  
  127  10:03  Protoss Ground Weapons Level 3 (Chrono Boost)  
  127  10:05  Protoss Ground Armor Level 2 (Chrono Boost)  
  127  10:13  Observer  
  128  10:19  Stalker x3  
  128  10:20  Stalker  
  136  10:25  Probe x3  
  136  10:26  Probe  
  140  10:31  Observer  
  140  10:34  Stalker x5  
  138  10:39  Probe x4  
  138  10:41  Stalker x2  
  144  10:43  Stalker  
  140  10:53  Stalker  
  140  10:54  Stalker x3  
  146  10:59  Zealot x5  
  141  11:15  Stalker x3  
  139  11:18  Nexus  
  139  11:20  Pylon  
  139  11:21  Oracle  
  142  11:26  Stalker x5  
  152  11:34  Pylon  
  152  11:36  Stalker x3  
  148  11:56  Stalker x9  
  148  11:58  Warp Prism  
  159  12:05  Probe x2  
  159  12:07  Assimilator  
  159  12:08  Probe x2, Assimilator  
  159  12:34  Zealot x10  
  159  12:35  Zealot x2  
  183  12:38  Protoss Shields Level 1 (Chrono Boost)  
  183  12:43  Protoss Ground Armor Level 3 (Chrono Boost)  
  183  12:45  Nexus  
  183  12:46  Nexus  
  183  12:47  Pylon  
  183  12:59  Zealot x8  
  197  13:17  Stalker x4  
  175  13:39  Stalker x8  
  177  13:44  Stalker x4  
  181  13:54  Gateway  
  181  13:55  Gateway  
  181  13:58  Gateway  
  171  14:08  Stalker x3  
  171  14:09  Stalker x7  
  187  14:12  Stalker  
  187  14:14  Stalker  
  177  14:32  Stalker x2  
  177  14:33  Stalker x8  
  200  14:50  Fleet Beacon  
  200  14:52  Stargate  
  197  15:00  Dark Shrine  
  197  15:03  Zealot  
  187  15:28  Stalker x6  
  193  15:43  Stalker x3  
  176  16:08  Stalker x13  
  176  16:09  Stalker x2  
Show
View Real Time Build Order
Export as new Build Order

PattyMac Protoss 

Build Orders: Oracle Opening, Carriers 

Get SALT Encoding   

  12  0:00  Probe  
  13  0:12  Probe  
  14  0:18  Pylon  
  14  0:24  Probe (Chrono Boost)  
  15  0:37  Gateway  
  15  0:38  Probe (Chrono Boost)  
  16  0:43  Probe (Chrono Boost)  
  16  0:45  Assimilator  
  17  0:52  Probe (Chrono Boost)  
  17  0:53  Assimilator  
  19  1:04  Probe (Chrono Boost)  
  19  1:06  Gateway  
  19  1:13  Probe (Chrono Boost)  
  20  1:18  Probe  
  20  1:24  Cybernetics Core  
  21  1:30  Probe  
  22  1:35  Pylon  
  22  1:43  Probe  
  23  1:55  Probe  
  23  2:00  Stalker x2  
  28  2:04  Warp Gate  
  28  2:12  Pylon  
  28  2:15  Probe  
  29  2:22  Pylon  
  29  2:31  Stargate  
  29  2:54  Nexus  
  29  2:59  Stalker  
  31  3:11  Stalker  
  33  3:14  Oracle (Chrono Boost)  
  36  3:20  Probe  
  37  3:29  Robotics Facility  
  37  3:33  Probe  
  38  3:38  Pylon  
  38  3:45  Probe  
  39  3:55  Shield Battery  
  39  3:58  Probe (Chrono Boost)  
  39  4:00  Stalker  
  43  4:10  Probe (Chrono Boost)  
  43  4:15  Probe (Chrono Boost)  
  44  4:19  Probe (Chrono Boost)  
  45  4:25  Probe x2  
  45  4:29  Observer  
  48  4:36  Sentry  
  48  4:37  Probe x2  
  52  4:42  Assimilator  
  52  4:44  Assimilator  
  52  4:48  Pylon  
  52  4:49  Probe x2  
  52  4:51  Immortal  
  58  5:01  Probe x2  
  58  5:05  Pylon  
  61  5:15  Nexus  
  61  5:17  Probe (Chrono Boost)  
  61  5:18  Probe (Chrono Boost)  
  62  5:25  Probe (Chrono Boost)  
  62  5:27  Probe (Chrono Boost)  
  64  5:38  Probe  
  65  5:49  Probe  
  66  5:50  Immortal (Chrono Boost)  
  66  5:55  Probe  
  71  5:57  Stargate, Fleet Beacon  
  71  6:01  Observer  
  71  6:11  Probe  
  71  6:13  Stargate  
  71  6:14  Probe  
  73  6:18  Forge  
  73  6:19  Sentry  
  73  6:23  Probe  
  76  6:26  Probe  
  76  6:29  Probe  
  82  6:33  Assimilator  
  82  6:35  Probe  
  83  6:40  Probe  
  83  6:41  Probe  
  83  6:47  Robotics Facility  
  85  6:48  Pylon x2  
  85  6:49  Stalker  
  83  6:56  Probe  
  83  6:58  Probe  
  83  6:59  Carrier  
  89  7:02  Probe  
  90  7:08  Probe  
  90  7:10  Probe  
  90  7:11  Carrier  
  90  7:12  Zealot  
  90  7:14  Pylon  
  100  7:20  Zealot, Pylon  
  102  7:24  Probe  
  102  7:25  Probe  
  102  7:29  Pylon  
  104  7:35  Immortal  
  108  7:37  Robotics Bay  
  108  7:39  Probe  
  109  7:48  Cybernetics Core  
  113  7:59  Pylon  
  113  8:01  Carrier (Chrono Boost)  
  113  8:03  Zealot  
  113  8:04  Zealot  
  113  8:05  Pylon  
  117  8:11  Photon Cannon  
  117  8:16  Carrier (Chrono Boost)  
  117  8:18  Photon Cannon  
  123  8:20  Pylon  
  123  8:23  Pylon  
  123  8:24  Disruptor  
  117  8:43  Carrier (Chrono Boost)  
  121  8:49  Pylon  
  121  8:52  Photon Cannon  
  121  8:55  Photon Cannon x2  
  121  8:56  Shield Battery  
  121  9:00  Disruptor (Chrono Boost)  
  130  9:12  Carrier (Chrono Boost)  
  130  9:13  Protoss Air Weapons Level 1 (Chrono Boost)  
  123  9:30  Carrier (Chrono Boost)  
  110  9:33  Disruptor (Chrono Boost)  
  119  9:38  Pylon  
  119  9:42  Photon Cannon x2  
  119  9:44  Photon Cannon  
  119  9:55  Carrier (Chrono Boost)  
  125  10:01  Zealot x2  
  129  10:14  Carrier (Chrono Boost)  
  129  10:20  Shield Battery, Photon Cannon  
  134  10:22  Disruptor  
  128  10:40  Carrier (Chrono Boost)  
  134  10:51  Pylon  
  134  10:55  Nexus  
  134  10:56  Disruptor  
  119  11:13  Shield Battery  
  119  11:16  Carrier (Chrono Boost)  
  119  11:17  Nexus  
  119  11:23  Photon Cannon  
  119  11:24  Photon Cannon  
  119  11:25  Shield Battery, Photon Cannon  
  131  11:37  Carrier (Chrono Boost)  
  131  11:39  Zealot x2  
  135  11:41  Observer  
  131  12:03  Pylon  
  131  12:04  Disruptor  
  131  12:05  Carrier (Chrono Boost)  
  131  12:06  Zealot x2  
  138  12:10  Probe  
  138  12:14  Probe  
  140  12:21  Probe  
  141  12:22  Probe  
  141  12:27  Protoss Air Weapons Level 2 (Chrono Boost)  
  142  12:31  Carrier (Chrono Boost)  
  142  12:34  Photon Cannon  
  142  12:35  Photon Cannon  
  142  12:36  Photon Cannon  
  148  12:38  Photon Cannon  
  148  12:44  Probe  
  148  12:45  Probe  
  148  12:49  Assimilator  
  150  12:51  Assimilator  
  150  12:52  Carrier (Chrono Boost)  
  156  13:13  Zealot x2  
  156  13:18  Photon Cannon  
  156  13:19  Photon Cannon  
  160  13:20  Photon Cannon  
  160  13:22  Photon Cannon  
  160  13:23  Disruptor  
  132  13:34  Zealot x2  
  128  13:42  Carrier (Chrono Boost)  
  128  13:43  Carrier (Chrono Boost)  
  134  13:56  Zealot x2  
  143  14:11  Photon Cannon  
  143  14:13  Disruptor  
  146  14:17  Zealot  
  146  14:18  Zealot  
  146  14:21  Carrier (Chrono Boost)  
  146  14:22  Pylon  
  144  14:29  Carrier (Chrono Boost)  
  155  15:01  Carrier (Chrono Boost)  
  155  15:02  Zealot x2  
  158  15:18  Carrier  
  152  16:06  Zealot x2  
Tags
 
Add a new tag
Caveats
  • Supply blocks, unpowered buildings, or Contaminate may cause inaccurate times.
  • Supply counts are checked every 10 seconds.